 Dungeon Crawl Stone Soup version 0.21.1-1-g345015fe64 (webtiles) character file.

44 ILYA101 the Conjurer (level 3, 0/27 HPs)
             Began as a Draconian Conjurer on July 8, 2018.
             Slain by a centaur (1 damage)
             ... on level 2 of the Dungeon.
             The game lasted 00:03:50 (1517 turns).

ILYA101 the Conjurer (Draconian Conjurer)           Turns: 1517, Time: 00:03:51

Health: 0/27       AC:  5    Str: 10    XL:     3   Next: 39%
Magic:  6/6        EV: 12    Int: 15    God:
Gold:   32         SH:  0    Dex: 12    Spells: 5/6 levels left

rFire    . . .     SeeInvis .   e - +1 whip (venom)
rCold    . . .     Gourm    .   (no shield)
rNeg     . . .     Faith    .   (armour unavailable)
rPois    .         Spirit   .   (helmet restricted)
rElec    .         Reflect  .   (no cloak)
rCorr    .         Harm     .   (no gloves)
MR       .....                  (no boots)
Stlth    ++........             (no amulet)
HPRegen  0.09/turn              (no ring)
MPRegen  0.10/turn              (no ring)

@: no status effects
A: unfitting armour, cold-blooded, AC +5
a: no special abilities


You were on level 2 of the Dungeon.
You were not hungry.

You visited 1 branch of the dungeon, and saw 2 of its levels.

You collected 32 gold pieces.

Inventory:

Hand Weapons
 e - a +1 whip of venom (weapon)
Scrolls
 c - a scroll of amnesia {unknown}
 d - 5 scrolls of remove curse {unknown}
 i - 3 scrolls of magic mapping {unknown}
 j - a scroll of fog {unknown}
Potions
 f - 2 potions of curing {unknown}
 g - a potion of heal wounds {unknown}
Books
 a - a book of Conjurations

   Spells                             Type                      Level
   a - Magic Dart                     Conjuration                  1
   b - Searing Ray                    Conjuration                  2
   c - Dazzling Spray                 Conjuration/Hexes            3
   d - Fulminant Prism                Conjuration/Hexes            4
   e - Force Lance                    Conjuration/Translocation    4
   f - Iskenderun's Mystic Blast      Conjuration                  4
Comestibles
 b - 5 rations
 h - a chunk of flesh


   Skills:
 + Level 0.3 Fighting
 + Level 1.1 Maces & Flails
 + Level 2.1 Dodging
 + Level 2.0 Stealth
 + Level 0.2 Unarmed Combat
 + Level 2.1 Spellcasting
 + Level 4.5 Conjurations


You had 5 spell levels left.
You knew the following spells:

 Your Spells              Type           Power        Failure   Level  Hunger
a - Magic Dart            Conj           ###.         3%          1    #......


Dungeon Overview and Level Annotations

Branches:
Dungeon (2/15)

Altars:


Innate Abilities, Weirdness & Mutations

Your plain brown scales are hard. (AC +5)
You cannot fit into any form of body armour.
You are cold-blooded and may be slowed by cold attacks.


Message History

You are too injured to fight recklessly!
You are too injured to fight recklessly!
You are too injured to fight recklessly!
You are too injured to fight recklessly!
The centaur unwields an uncursed shortbow.
The centaur completely misses you.
You closely miss the centaur. The centaur hits you.
* * * LOW HITPOINT WARNING * * *
You hit the centaur.
The centaur is poisoned.
The centaur is lightly wounded.
The centaur barely misses you.
The centaur hits you but does no damage.
You completely miss the centaur.
The centaur is moderately wounded.
The centaur hits you but does no damage.
The centaur closely misses you.
You barely miss the centaur. You tail-slap the centaur.
The centaur is moderately wounded.
The centaur hits you.
You die...

#. #.# ####.## #.#
##.....# #.# #......#
#.# #....?.# #.####
#......# #.##.##
####...#.#######.#...###
+.........(.............
##...@(######......###
##.c### #...#.## ##.
#...### #. #...# #.
##.## #. #.# #. #.# #.
#.# #.# ###


You could see a centaur.

Vanquished Creatures
  An adder (D:2)
  2 dart slugs (D:1)
  3 goblins (D:1)
  5 hobgoblins (D:1)
  7 bats
  5 frilled lizards
  3 kobolds (D:1)
  6 rats
32 creatures vanquished.

Vanquished Creatures (others)
  4 toadstools (D:1)
4 creatures vanquished.

Grand Total: 36 creatures vanquished

Notes
Turn   | Place    | Note
-------+----------+-------------------------------------------
     0 | D:1      | ILYA101 the Draconian Conjurer began the quest for the Orb.
     0 | D:1      | Reached XP level 1. HP: 14/14 MP: 3/3
   543 | D:1      | Reached XP level 2. HP: 18/20 MP: 5/5
   923 | D:1      | Reached XP level 3. HP: 22/26 MP: 6/6
  1249 | D:2      | Reached skill level 1 in Maces & Flails
  1509 | D:2      | Noticed a centaur
  1514 | D:2      | HP: 1/27 [centaur (5)]
  1517 | D:2      | Slain by a centaur

Skill      XL: |  1  2  3 |
---------------+----------+-----
Dodging        | 2 |  2.1
Stealth        | 2 |  2.0
Maces & Flails | 1 |  1.1
Fighting       | |  0.3
Unarmed Combat | |  0.2
Spellcasting   | |  2.1
Conjurations   | |  4.5

Action                   || total
-------------------------++-------
Melee: Whip              ||    83
       Unarmed           ||    13
       Tailslap          ||     7
 Cast: Magic Dart        ||     5
  Use: Scroll            ||     1
 Stab: Sleeping          ||     4
  Eat: Chunk             ||     2
Armor: Skin              ||    33
Dodge: Dodged            ||    68
